 Dungeon Crawl Stone Soup version 0.31.0-11-ge490571c62 (webtiles) character file.

Game seed: 15557706009796791346

156102 Drazool the Bludgeoner (level 17, -47/105 (120) HPs)
             Began as a Human Ice Elementalist on Jan 28, 2024.
             Was a High Priest of Sif Muna.
             Killed from afar by a deep elf death mage (52 damage)
             ... with a bolt of negative energy
             ... on level 3 of the Elven Halls.
             The game lasted 02:52:32 (41963 turns).

Drazool the Bludgeoner (Human Ice Elementalist)    Turns: 41963, Time: 02:52:32

HP:   -47/105 (120) AC: 21    Str: 23    XL:     17   Next: 66%
MP:   17/41         EV: 11    Int: 31    God:    Sif Muna [*****.]
Gold: 1159          SH:  6    Dex: 18    Spells: 0/38 levels left

rFire   . . .        b - +6 morningstar of Recklessness {spect, rPois Int+4}
rCold   . . .        Z - +0 buckler {rC+}
rNeg    . . .        t - +2 ring mail "Damnable Contraption" {rPois Regen+}
rPois   +            f - +2 helmet {Int+3}
rElec   .            j - +2 cloak "Xuqur" {Str+3 Dex+6}
rCorr   .            N - +2 pair of gloves
SInv    .            o - +2 pair of boots
Will    +....        H - amulet of faith {!P}
Stlth   ++           I - +6 ring of intelligence
HPRegen 1.17/turn    M - ring of magical power
MPRegen 0.27/turn

%: faith
@: hasted, studying Axes, heavily drained, very quick
A: explore regen, screaming 1, strong 2, cold vulnerability 1
a: Renounce Religion, Channel Magic, Forget Spell, Divine Exegesis


You were on level 3 of the Elven Halls.
You worshipped Sif Muna.
Sif Muna was extremely pleased with you.
You visited 6 branches of the dungeon, and saw 27 of its levels.
You visited the Abyss 1 time.
You also visited: Bailey, Gauntlet and Ice Cave.

You collected 3550 gold pieces.
You spent 2391 gold pieces at shops.


Innate Abilities, Weirdness & Mutations

You regain HP and MP as you explore.
You occasionally shout uncontrollably at your foes.
Your muscles are very strong. (Str +8, Int/Dex -2)
You are vulnerable to cold. (rC-)


   Skills:
 - Level 7.4 Fighting
 - Level 5.5(11.6) Axes
 - Level 15.8(16.1) Maces & Flails
 - Level 5.0 Armour
 - Level 2.0 Dodging
 - Level 4.0 Stealth
 - Level 5.0 Shields
 + Level 11.4 Spellcasting
 - Level 5.0 Summonings
 - Level 14.3 Translocations
 - Level 14.7 Ice Magic
 - Level 8.0 Invocations
 - Level 3.0 Evocations


You couldn't memorise any spells.
You knew the following spells:

 Your Spells              Type           Power      Damage    Failure   Level
b - Summon Ice Beast      Ice/Summ       68%        N/A       1%          3
c - Ozocubu's Refrigerat  Ice            41%        4d16      11%         7
d - Freezing Cloud        Conj/Ice/Air   24%        6-21      19%         5
f - Freeze                Ice            100%       1d10      0%          1
g - Gell's Gravitas       Tloc           82%        N/A       1%          3
m - Manifold Assault      Tloc           82%        N/A       1%          4
o - Ozocubu's Armour      Ice            83%        N/A       1%          3
r - Frozen Ramparts       Ice            100%       1d16      1%          3
t - Teleport Other        Tloc           82%        N/A       1%          3
B - Blink                 Tloc           100%       N/A       1%          2
X - Iskenderun's Mystic   Conj/Tloc      58%        2d12      2%          4

Your spell library contained the following spells:

 Spells                   Type           Power      Damage    Failure   Level
 Summon Small Mammal      Summ           100%       N/A       1%          1
 Call Imp                 Summ           96%        N/A       1%          2
 Ensorcelled Hibernation  Hex/Ice        100%       N/A       1%          2
 Lesser Beckoning         Tloc           100%       N/A       1%          2
 Momentum Strike          Conj/Tloc      100%       3d10      1%          2
 Call Canine Familiar     Summ           48%        N/A       1%          3
 Hailstorm                Conj/Ice       59%        3d11      1%          3
 Volatile Blastmotes      Fire/Tloc      100%       2d18      1%          3
 Passage of Golubria      Tloc           82%        N/A       1%          4
 Dimensional Bullseye     Hex/Tloc       29%        N/A       2%          4
 Vhi's Electric Charge    Tloc/Air       100%       N/A       2%          4
 Summon Forest            Summ/Tloc      33%        N/A       2%          5
 Dispersal                Tloc           41%        N/A       2%          6
 Foxfire                  Conj/Fire      68%        2x1d7     5%          1
 Kiss of Death            Conj/Necr      68%        2d10      5%          1
 Magic Dart               Conj           68%        1d6       5%          1
 Necrotise                Necr           68%        1d7       5%          1
 Shock                    Conj/Air       68%        1d7       5%          1
 Sting                    Conj/Alch      68%        1d7       5%          1
 Metabolic Englaciation   Hex/Ice        29%        N/A       7%          5
 Cigotuvi's Dreadful Rot  Necr/Alch/Air  34%        N/A       8%          2
 Mercury Vapours          Alch/Air       34%        N/A       8%          2
 Searing Ray              Conj           34%        2d5       8%          2
 Sublimation of Blood     Necr           17%        N/A       8%          2
 Confusing Touch          Hex            17%        N/A       16%         3
 Fugue of the Fallen      Necr           17%        N/A       16%         3
 Inner Flame              Hex/Fire       17%        N/A       16%         3
 Mephitic Cloud           Conj/Alch/Air  17%        N/A       16%         3
 Passwall                 Erth           17%        N/A       16%         3
 Swiftness                Air            17%        N/A       16%         3
 Tukima's Dance           Hex            17%        N/A       16%         3
 Vampiric Draining        Necr           17%        2d7       16%         3
 Animate Armour           Summ/Erth      66%        N/A       19%         4
 Martyr's Knell           Necr/Summ      33%        N/A       19%         4
 Summon Blazeheart Golem  Fire/Summ      33%        N/A       19%         4
 Sculpt Simulacrum        Ice/Alch       29%        N/A       36%         6
 Anguish                  Hex/Necr       8%         N/A       45%         4
 Animate Dead             Necr           17%        N/A       45%         4
 Dispel Undead            Necr           17%        3d10      45%         4
 Flame Wave               Conj/Fire      17%        2d7       45%         4
 Fulminant Prism          Conj/Alch      8%         3d7       45%         4
 Ignite Poison            Fire/Alch      17%        N/A       45%         4
 Leda's Liquefaction      Alch/Erth      8%         N/A       45%         4
 Olgreb's Toxic Radiance  Alch           17%        N/A       45%         4
 Petrify                  Alch/Erth      17%        N/A       45%         4
 Sticky Flame             Fire/Alch      17%        2d5       45%         4
 Malign Gateway           Summ/Tloc      33%        N/A       63%         7
 Borgnjor's Vile Clutch   Necr/Erth      8%         N/A       82%         5
 Curse of Agony           Necr           17%        N/A       82%         5
 Fireball                 Conj/Fire      8%         3d6       82%         5
 Irradiate                Conj/Alch      8%         3d14      82%         5
 Silence                  Hex/Air        8%         N/A       82%         5
 Monstrous Menagerie      Summ           24%        N/A       99%         7
 Summon Hydra             Summ           24%        N/A       99%         7
 Conjure Ball Lightning   Conj/Air       8%         3x3d6     100%        6
 Death Channel            Necr           8%         N/A       100%        6
 Eringya's Noxious Bog    Alch           8%         4d6       100%        6
 Orb of Destruction       Conj           8%         9d6       100%        7
 Spellforged Servitor     Conj/Summ      16%        N/A       100%        7
 Ignition                 Fire           8%         3d5       100%        8
 Lehudib's Crystal Spear  Conj/Erth      8%         10d4      100%        8
 Summon Horrible Things   Summ           24%        N/A       100%        8
 Chain Lightning          Conj/Air       8%         3d11      100%        9
 Fire Storm               Conj/Fire      8%         8d2       100%        9

Inventory:

Hand Weapons
 a - the +6 shillelagh "Devastator" {shatter}
   (You found it on level 6 of the Dungeon)
 b - the +6 morningstar of Recklessness (weapon) {spect, rPois Int+4}
   (You found it on level 9 of the Dungeon)

   Int+4:     It affects your intelligence (+4).
   rPois:     It protects you from poison
 v - a +0 broad axe of electrocution
Missiles
 x - 5 throwing nets {=f}
Armour
 f - a +2 helmet of intelligence (worn)
 j - the +2 cloak "Xuqur" (worn) {Str+3 Dex+6}
   (You acquired it on level 1 of the Lair of Beasts)

   Str+3:     It affects your strength (+3).
   Dex+6:     It affects your dexterity (+6).
 o - a +2 pair of boots (worn)
 t - the +2 ring mail "Damnable Contraption" (worn) {rPois Regen+}
   (You found it on level 3 of the Dungeon)

   rPois:     It protects you from poison Regen+: It increases your rate of
   health regeneration.
 N - a +2 pair of gloves (worn)
 T - a +0 hat of willpower
 Z - a +0 buckler of cold resistance (worn)
Jewellery
 z - a ring of wizardry
 B - an amulet of magic regeneration
 E - a +5 ring of evasion
 F - the ring of Temptation {Fire rN+ Dex+8}
   (You found it in an ice cave)

   [ring of fire]

   Fire:      It enhances your fire magic.
   Dex+8:     It affects your dexterity (+8).
   rF+:       It protects you from fire.
   rC-:       It makes you vulnerable to cold.
   rN+:       It protects you from negative energy.
 H - an amulet of faith (around neck) {!P}
 I - a +6 ring of intelligence (left hand)
 L - a ring of flight
 M - a ring of magical power (right hand)
 R - a ring of resist corrosion
 Y - an amulet of reflection
Wands
 l - a wand of digging (1)
 r - a wand of acid (11)
 y - a wand of flame (25)
 O - a wand of iceblast (13)
 P - a wand of mindburst (22)
 V - a wand of polymorph (18)
 X - a wand of paralysis (8)
Scrolls
 c - a scroll of poison
 d - 5 scrolls of teleportation {@r2}
 g - 7 scrolls of fear
 h - 6 scrolls of vulnerability
 i - 6 scrolls of fog
 k - a scroll of summoning
 m - 7 scrolls of enchant weapon
 n - 2 scrolls of revelation
 u - 4 scrolls of amnesia
 A - 3 scrolls of silence {!r}
 D - 10 scrolls of identify {@r1}
 G - 2 scrolls of immolation
Potions
 e - 3 potions of invisibility
 p - 7 potions of curing {@q1}
 s - 2 potions of magic
 w - a potion of cancellation
 C - 3 potions of haste {@q3}
 K - a potion of enlightenment
 Q - 2 potions of lignification
 S - 4 potions of might
Miscellaneous
 J - a phial of floods
 U - a lightning rod (4/4)

Dungeon Overview and Level Annotations

Branches:
Dungeon (15/15)            Temple (1/1) D:5            Lair (5/5) D:9
 Shoals (0/4) Lair:2       Spider (1/4) Lair:2        Slime (0/5) Lair:4
    Orc (2/2) D:11            Elf (3/3) Orc:2        Vaults (0/5) D:13
 Depths (0/4) D:15         Bailey (visited)           IceCv (visited)
Gauntlet (visited)

Altars:
Ashenzari
Cheibriados
Dithmenos
Elyvilon
Fedhas
Gozag
Hepliaklqana
Kikubaaqudgha
Makhleb
Nemelex Xobeh
Okawaru
Qazlal
Ru
Sif Muna
Trog
Uskayaw
Vehumet
Wu Jian
Xom
Yredelemnul
Zin
The Shining One
Lugonu

Shops:
D:4 :   D:12 [   Orc:2 :*[(   Elf:3 ?:=

Portals:
Abyss: Lair:5

Annotations:
D:7 1 runed translucent door, Crazy Yiuf
D:12 exclusion: ice dragon
Lair:4 1 runed translucent door, TheBioAlchemist's ghost, journeyman TeAE
Elf:2 3 runed translucent doors

##.##########.###.####
##.####....##.###.....
##.####.∩............#
##.####.??###.###..###
##.####..####.###..#
##..[.=[.......##..#
#####.#..[<.##.##..#
#####.#####.##.##.(##
#####@#####)##.##.).#
#####.#####[##.##...#
#####§##...)##.##...#
#{##.#.......####
#.##.#..#...######
##e##.#..#..####...
#..)..#<....###....
#.#########.##.....
#.....#.....##...).


You could see a deep elf death mage and a +4 heavy broad axe.


Message History

The +4 heavy broad axe hits you.
* * * LOW HITPOINT WARNING * * *
The +4 heavy broad axe attacks as it pursues you!
The +4 heavy broad axe hits you!!
* * * LOW HITPOINT WARNING * * *
Casting: Summon Ice Beast (safe; 1% risk of failure)
Confirm with . or Enter, or press ? or * to list all spells.
You erupt in a blast of force!
The mystic blast hits the +4 heavy broad axe.
The +4 heavy broad axe is lightly damaged.
The +4 heavy broad axe is knocked back by the mystic blast.
The +4 heavy broad axe slams into the rock wall!
The +4 heavy broad axe is heavily damaged.
Okay, then.
Unknown command.
Things that are here:
a +0 rapier; an elf skeleton
Casting: Iskenderun's Mystic Blast (mildly dangerous; 2% risk of failure)
Confirm with . or Enter, or press ? or * to list all spells.
A chill wind blows around you.
The +4 heavy broad axe hits your ice beast!!
The deep elf death mage casts a spell at you.
The bolt of negative energy hits the +4 heavy broad axe.
The +4 heavy broad axe completely resists.
The bolt of negative energy hits your ice beast!!
Your ice beast is drained!
Your ice beast dies!
Your ice beast disappears in a puff of smoke!
The bolt of negative energy hits you!!!
You feel drained.
You die...

Skill      XL: |  1  2  3  4  5  6  7  8  9 10 11 12 13 14 15 16 17 |
---------------+----------------------------------------------------+-----
Ice Magic      | 5 7 10 12 14 | 14.7
Spellcasting   | 3 4 5 7 10 11 | 11.4
Summonings     | 2 3 5 |  5.0
Armour         | 3 5 |  5.0
Fighting       | 1 2 6 7 |  7.4
Maces & Flails | 4 6 7 10 15 | 15.8
Invocations    | 1 7 8 |  8.0
Stealth        | 4 |  4.0
Evocations     | 3 |  3.0
Translocations | 7 12 14 | 14.3
Axes           | 5 |  5.5
Shields        | 5 |  5.0
Dodging        | |  2.0

Action                     |  1- 3 |  4- 6 |  7- 9 | 10-12 | 13-15 | 16-18 || total
---------------------------+-------+-------+-------+-------+-------+-------++-------
  Melee: Unarmed           |     4 |       |       |       |       |       ||     4
         Spear             |     3 |    50 |    19 |    12 |       |       ||    84
         Short sword       |     2 |       |       |       |       |       ||     2
         Punch             |       |       |     1 |     2 |     5 |       ||     8
         Shillelagh        |       |       |    46 |   294 |   848 |   338 ||  1526
         Morningstar       |       |       |       |    20 |   444 |   204 ||   668
   Cast: Freeze            |    47 |     6 |       |       |       |       ||    53
         Frozen Ramparts   |     7 |    26 |    32 |    77 |    60 |    32 ||   234
         Summon Ice Beast  |       |     7 |    17 |    29 |    17 |     9 ||    79
         Ozocubu's Armour  |       |       |     6 |    28 |    26 |    11 ||    71
         Manifold Assault  |       |       |       |    78 |   551 |   192 ||   821
         Gell's Gravitas   |       |       |       |       |     1 |       ||     1
         Iskenderun's Myst |       |       |       |       |       |    10 ||    10
         Ozocubu's Refrige |       |       |       |       |       |    20 ||    20
         Freezing Cloud    |       |       |       |       |       |     6 ||     6
 Invoke: Channel Magic     |       |       |       |       |     5 |     4 ||     9
  Evoke: Wand              |       |       |     1 |     2 |     9 |     8 ||    20
    Use: Scroll            |       |       |    13 |    13 |    12 |     9 ||    47
         Potion            |       |       |       |       |     7 |     8 ||    15
   Stab: Paralysed         |       |       |     2 |       |     6 |       ||     8
         Distracted        |       |       |       |       |     9 |     5 ||    14
         Sleeping          |       |       |       |       |     1 |       ||     1
         Invisible         |       |       |       |       |       |     1 ||     1
 Armour: Robe              |    14 |    26 |       |       |       |       ||    40
         Ring mail         |       |     2 |    50 |   187 |   433 |   241 ||   913
  Dodge: Dodged            |    15 |    22 |    30 |    91 |   222 |    98 ||   478
  Block: Buckler           |       |       |       |       |    19 |    45 ||    64

Levels and vault maps discovered:
D:1:      dpeg_arrival_round_a, layout_loops_ring, hex_tiny, glass_columns_a,
          dreamdust_princess_bridge
D:2:      layout_basic, basic_altar
D:3:      layout_loops_ring, uniq_jessica
D:4:      layout_rooms, kennysheep_mini, nicolae_shop_i_like_small_books_too
D:5:      layout_basic, kennysheep_mini_moat, minmay_temple_entry_offerings,
          minmay_misc_feat_square
D:6:      layout_layer_cave, st_stairs_5, dilly_guarded_unrand_devastator
D:7:      layout_rooms, uniq_duvessa, uniq_crazy_yiuf_cottage
D:8:      layout_basic, mainiacjoe_overflow_surrounded_room, grunt_tough_drop,
          uniq_psyche
D:9:      lemuel_ogre_cave, layout_gridville, grunt_temple_overflow_open,
          erik_lair_dragon, enter_bailey_2, uniq_joseph, uniq_maurice
D:10:     layout_cave_pools
D:11:     layout_loops_corners, david_orc_4
D:12:     minmay_cut_squares, layout_rooms, serial_shops,
          nicolae_shop_tiny_statue_garden, portal_ice_cave_entry_pillars_2,
          uniq_nessos
D:13:     layout_basic, grunt_vaults_entry_fortified
D:14:     layout_stronghold, hangedman_abyss_or_decor_stagger,
          nicolae_yredelemnul_corpse_copse
D:15:     grunt_enter_depths_giant_problem, layout_basic, xom_redecorated
Temple:   minmay_freezing_vapour_temple
Lair:1:   layout_regular_city, hellmonk_guarded_unrand_vines, lemuel_fruit_tree,
          lemuel_fruit_fields, serial_bayou_shore_b
Lair:2:   layout_cave_pods, minmay_shoals_entry_centaurs,
          spider_nest_entry_funnel_web, pdpol_lair_cavern_descent
Lair:3:   layout_gridlike, gauntlet_entry_generic, pond
Lair:4:   layout_regular_city, dpeg_slime_entry_enclosed,
          hellmonk_ghost_happy_afterlife, chequers_serial_rivers_micro_c,
          hibernation_bobbens
Lair:5:   hellmonk_lair_end_abyssal_woods, layout_loops_ring,
          grunt_megastairs_5, uniq_josephine
Spider:1: layout_spider_delve, hangedman_spider_mandibles, uniq_aizul
Orc:1:    layout_caves, uniq_sonja, uniq_harold
Orc:2:    st_orc_congregation, layout_caves, uniq_azrael
Elf:1:    eino_elf_arrival_customs, layout_loops_corners,
          kennysheep_underground_church, lemuel_upstairs_altar
Elf:2:    elven_hall_of_blades_hangedman_original
          [nicolae_blade_entry_sentries_behind_glass], layout_geoelf_grid,
          nicolae_zig_zag_zippers
Elf:3:    elf_hall, layout_loops_ring, serial_shops, nicolae_shop_peninsula,
          shop, shop_scrolls, nicolae_elf_free_trip_to_the_abyss

Notes
Turn   | Place    | Note
-------+----------+-------------------------------------------
     0 | D:1      | Drazool the Human Ice Elementalist began the quest for the
                  | Orb.
     0 | D:1      | Reached XP level 1. HP: 13/13 MP: 3/3
   196 | D:1      | Reached XP level 2. HP: 19/19 MP: 1/5
   551 | D:1      | Reached XP level 3. HP: 23/24 MP: 3/6
   599 | D:1      | Learned a level 3 spell: Frozen Ramparts
   661 | D:1      | Reached skill level 5 in Ice Magic
  1347 | D:2      | Found a broken altar of Ashenzari.
  2247 | D:2      | Reached XP level 4. HP: 30/30 MP: 3/8
  2312 | D:2      | Learned a level 3 spell: Ozocubu's Armour
  2436 | D:3      | Reached skill level 3 in Spellcasting
  2508 | D:3      | Reached XP level 5. HP: 16/35 MP: 3/10
  2512 | D:3      | Reached skill level 4 in Spellcasting
  2513 | D:3      | HP: 2/35 [orc/+0 dagger (3)]
  2688 | D:3      | Learned a level 3 spell: Summon Ice Beast
  2862 | D:3      | Noticed Jessica
  2865 | D:3      | Killed Jessica
  2866 | D:3      | Reached skill level 1 in Summonings
  3215 | D:3      | Identified the +2 ring mail "Damnable Contraption" {rPois
                  | Regen+}
  3220 | D:3      | Reached skill level 2 in Summonings
  3546 | D:4      | Reached XP level 6. HP: 19/41 MP: 12/12
  3549 | D:3      | Reached skill level 3 in Summonings
  3676 | D:4      | Reached skill level 1 in Armour
  3819 | D:4      | Reached skill level 2 in Armour
  3969 | D:4      | Reached skill level 3 in Armour
  4019 | D:4      | Found a shadowy altar of Dithmenos.
  4078 | D:4      | Reached skill level 1 in Fighting
  4086 | D:4      | Reached XP level 7. HP: 48/48 MP: 13/13
  4153 | D:4      | Found Biohi's Tiny Tomes.
  4290 | D:5      | Entered Level 5 of the Dungeon
  4371 | D:5      | Reached skill level 2 in Fighting
  4469 | D:5      | Reached skill level 6 in Ice Magic
  4788 | D:5      | Found an opulent altar of Gozag.
  4828 | D:5      | Found a staircase to the Ecumenical Temple.
  4840 | Temple   | Entered the Ecumenical Temple
  4845 | Temple   | Became a worshipper of Sif Muna the Loreminder
  5166 | D:5      | Identified the +0 leather armour of Action {rN++ Str+3
                  | Dex-2}
  5328 | D:6      | Reached skill level 7 in Ice Magic
  5402 | D:6      | Reached XP level 8. HP: 56/56 MP: 13/14
  5417 | D:6      | Reached skill level 4 in Summonings
  5505 | D:6      | Found the +6 shillelagh "Devastator" {shatter}
  5527 | D:6      | Reached skill level 5 in Summonings
  5578 | D:6      | Reached * piety under Sif Muna
  5682 | D:6      | Reached skill level 5 in Spellcasting
  5837 | D:6      | Reached skill level 1 in Maces & Flails
  5882 | D:6      | Reached skill level 2 in Maces & Flails
  6023 | D:6      | Reached skill level 3 in Maces & Flails
  6626 | D:7      | Reached skill level 4 in Maces & Flails
  6626 | D:7      | Reached skill level 1 in Invocations
  6634 | D:7      | Reached XP level 9. HP: 51/61 MP: 16/16
  6668 | D:7      | Noticed Duvessa
  6695 | D:7      | Killed Duvessa
  6696 | D:7      | Reached skill level 3 in Invocations
  6706 | D:7      | Noticed Dowan
  6713 | D:7      | Killed Dowan
  6751 | D:7      | Reached skill level 4 in Invocations
  6773 | D:7      | Reached ** piety under Sif Muna
  6787 | D:7      | Reached skill level 5 in Invocations
  6802 | D:7      | Reached skill level 6 in Invocations
  6928 | D:7      | Found a runed translucent door.
  6929 | D:7      | Noticed Crazy Yiuf
  6975 | D:7      | Reached skill level 7 in Invocations
  7156 | D:8      | Noticed Psyche
  7162 | D:7      | Killed Psyche
  7163 | D:7      | Reached skill level 5 in Maces & Flails
  7238 | D:8      | Reached skill level 6 in Maces & Flails
  7372 | D:8      | Reached XP level 10. HP: 60/67 MP: 17/17
  7486 | D:8      | Found a broken altar of Ashenzari.
  7540 | D:8      | Reached skill level 7 in Maces & Flails
  7716 | D:8      | Reached skill level 3 in Fighting
  7860 | D:8      | Reached skill level 4 in Fighting
  8303 | D:8      | Reached *** piety under Sif Muna
  8509 | D:8      | Reached skill level 5 in Fighting
  9097 | D:9      | Noticed a two-headed ogre
  9310 | D:9      | Noticed Maurice
  9335 | D:9      | Killed Maurice
  9340 | D:9      | Found a flagged portal.
  9374 | Bailey   | Entered a bailey
  9397 | Bailey   | Reached skill level 6 in Fighting
  9573 | Bailey   | Reached skill level 4 in Armour
  9642 | Bailey   | Found a bloodstained altar of Trog.
  9658 | Bailey   | Identified the +7 spear of Jailaoluy {drain, ^Contam Int+8
                  | Dex-5 SInv}
  9729 | D:9      | Noticed Joseph
  9745 | D:9      | Killed Joseph
  9746 | D:9      | Reached skill level 5 in Armour
  9826 | D:9      | Reached skill level 3 in Stealth
  9860 | D:9      | Reached **** piety under Sif Muna
  9861 | D:9      | Reached skill level 4 in Stealth
  9994 | D:9      | Reached skill level 1 in Evocations
 10037 | D:9      | Found an ancient bone altar of Kikubaaqudgha.
 10037 | D:9      | Found a glowing silver altar of Zin.
 10049 | D:9      | Reached skill level 2 in Evocations
 10058 | D:9      | Reached skill level 3 in Evocations
 10093 | D:9      | Found a white marble altar of Elyvilon.
 10093 | D:9      | Found a basalt altar of Yredelemnul.
 10150 | D:9      | Identified the +6 morningstar of Recklessness {spect, rPois
                  | Int+4}
 10214 | D:9      | Reached XP level 11. HP: 69/81 MP: 15/18
 10315 | D:9      | Reached skill level 8 in Invocations
 10431 | D:9      | Killed a two-headed ogre
 10432 | D:9      | Reached skill level 6 in Spellcasting
 11094 | D:9      | Reached skill level 7 in Spellcasting
 11110 | D:9      | Learned a level 4 spell: Manifold Assault
 11130 | D:9      | Found a staircase to the Lair.
 11207 | D:10     | Entered Level 10 of the Dungeon
 11238 | D:10     | Reached skill level 1 in Translocations
 11243 | D:10     | Reached skill level 2 in Translocations
 11252 | D:10     | Reached skill level 3 in Translocations
 11537 | D:10     | Reached skill level 4 in Translocations
 11934 | Lair:1   | Entered Level 1 of the Lair of Beasts
 12051 | Lair:1   | Reached skill level 5 in Translocations
 12151 | Lair:1   | Reached skill level 6 in Translocations
 12322 | Lair:1   | Reached skill level 7 in Translocations
 12541 | Lair:1   | Reached XP level 12. HP: 88/88 MP: 17/22
 12544 | Lair:1   | Reached skill level 8 in Translocations
 12652 | Lair:1   | Noticed a catoblepas
 12681 | Lair:1   | Noticed a four-headed hydra
 12682 | Lair:1   | Found the +1 robe of Vines {NoPotionHeal Regen++++}
 12688 | Lair:1   | Killed a four-headed hydra
 12689 | Lair:1   | Reached skill level 9 in Translocations
 12917 | Lair:1   | Reached ***** piety under Sif Muna
 13095 | Lair:1   | Identified a scroll of acquirement
 13095 | Lair:1   | Acquired the +2 cloak "Xuqur" {Str+3 Dex+6}
 13417 | Lair:1   | Killed a catoblepas
 13418 | Lair:1   | Reached skill level 10 in Translocations
 13456 | Lair:1   | Noticed a seven-headed hydra
 13463 | Lair:1   | Killed a seven-headed hydra
 13774 | Lair:2   | Reached skill level 11 in Translocations
 13920 | Lair:2   | Noticed a skyshark
 13929 | Lair:2   | HP: 8/88 [skyshark (15)]
 13930 | Lair:2   | HP: 2/88 [skyshark (8)]
 13931 | Lair:2   | Killed a skyshark
 14031 | Lair:2   | Learned a level 3 spell: Teleport Other
 14035 | Lair:2   | Learned a level 3 spell: Gell's Gravitas
 14540 | Lair:2   | Found a staircase to the Shoals.
 14765 | Lair:2   | Reached skill level 12 in Translocations
 15295 | Lair:2   | Noticed a five-headed hydra
 15299 | Lair:2   | Killed a five-headed hydra
 15306 | Lair:2   | Reached XP level 13. HP: 93/93 MP: 3/23
 15633 | Lair:2   | Found a hole to the Spider Nest.
 15641 | Lair:2   | Reached skill level 13 in Translocations
 15793 | Lair:3   | Found a gate leading to a gauntlet.
 15800 | Gauntlet | Entered a Gauntlet
 15800 | Gauntlet | Found a transporter.
 15800 | Gauntlet | Found a transporter.
 15800 | Gauntlet | Found a transporter.
 15804 | Gauntlet | Found a transporter.
 15806 | Gauntlet | Found a transporter.
 15814 | Gauntlet | Found a transporter.
 15818 | Gauntlet | Found a transporter.
 15828 | Gauntlet | Found a transporter.
 15920 | Gauntlet | Found a transporter.
 15930 | Gauntlet | Found a transporter.
 15934 | Gauntlet | Found a transporter.
 15944 | Gauntlet | Found a transporter.
 16027 | Gauntlet | Received a gift from Sif Muna
 16028 | Gauntlet | Got Sif Muna's Anthology of Space {god gift}
 16304 | Gauntlet | Noticed a minotaur
 16335 | Gauntlet | Killed a minotaur
 16336 | Gauntlet | Reached skill level 14 in Translocations
 16343 | Gauntlet | Identified the +1 ring mail of Uraun {Harm rN+++ Int-2}
 17570 | Lair:4   | Noticed TheBioAlchemist's ghost (journeyman TeAE)
 17581 | Lair:4   | Reached skill level 8 in Maces & Flails
 17966 | Lair:4   | Found a staircase to the Slime Pits.
 18001 | Lair:4   | Found a runed translucent door.
 18859 | Lair:5   | Entered Level 5 of the Lair of Beasts
 18863 | Lair:5   | Reached skill level 9 in Maces & Flails
 18942 | Lair:5   | Noticed Josephine
 18952 | Lair:4   | Killed Josephine
 19056 | Lair:5   | Reached skill level 10 in Maces & Flails
 19424 | Lair:5   | Received a gift from Sif Muna
 19425 | Lair:5   | Reached XP level 14. HP: 91/100 MP: 17/24
 19435 | Lair:4   | Reached skill level 11 in Maces & Flails
 19976 | Lair:5   | Got Sif Muna's Guide on Virous Summoning {god gift}
 20238 | Lair:5   | Reached skill level 12 in Maces & Flails
 21821 | Lair:5   | Reached skill level 13 in Maces & Flails
 21984 | Lair:5   | Found a corrupted altar of Lugonu.
 21984 | Lair:5   | Found a one-way gate to the infinite horrors of the Abyss.
 21987 | Lair:5   | Identified the +1 great sword of Mebe {freeze, Str+6 Dex-4}
 22379 | Lair:5   | Learned a level 2 spell: Blink
 22850 | D:11     | Received a gift from Sif Muna
 23234 | D:11     | Found a staircase to the Orcish Mines.
 23786 | Orc:1    | Entered Level 1 of the Orcish Mines
 23789 | Orc:1    | Noticed Sonja
 23795 | Orc:1    | Killed Sonja
 23894 | Orc:2    | Entered Level 2 of the Orcish Mines
 23930 | Orc:2    | Noticed Azrael
 23934 | Orc:1    | Reached skill level 14 in Maces & Flails
 24073 | Orc:1    | Gained mutation: You do not regenerate when monsters are
                  | visible. [potion of mutation]
 24073 | Orc:1    | Gained mutation: You occasionally shout uncontrollably at
                  | your foes. [potion of mutation]
 24073 | Orc:1    | Gained mutation: You are frail. (-10% HP) [potion of
                  | mutation]
 24273 | Orc:1    | Killed Azrael
 24694 | Orc:1    | Noticed Harold
 24716 | Orc:1    | Killed Harold
 25577 | Orc:1    | Reached ****** piety under Sif Muna
 25577 | Orc:1    | Received a gift from Sif Muna
 25578 | Orc:1    | Got Sif Muna's Vellum of Sparks {god gift}
 26024 | Orc:1    | Reached skill level 15 in Maces & Flails
 26528 | Orc:2    | Reached XP level 15. HP: 92/94 MP: 4/25
 26553 | Orc:2    | Noticed an orc warlord
 26575 | Orc:2    | Killed an orc warlord
 26655 | Orc:2    | Found a staircase to the Elven Halls.
 27700 | Orc:2    | Reached skill level 1 in Axes
 28680 | Orc:2    | Found Guisig's Antique Armour Boutique.
 28681 | Orc:2    | Found Zyrip's Antique Weapon Shop.
 28683 | Orc:2    | Found Jiomp's General Store.
 28683 | Orc:2    | Found Biconeot's Book Boutique.
 28700 | Orc:2    | Bought a book of the Moon for 600 gold pieces
 28700 | Orc:2    | Bought a manual of Axes for 1200 gold pieces
 28755 | Orc:2    | Bought a pair of embroidered gloves for 255 gold pieces
 28876 | D:12     | Reached skill level 2 in Axes
 29046 | D:12     | Reached skill level 3 in Axes
 29309 | D:12     | Found a frozen archway.
 29331 | IceCv    | Entered an ice cave
 29402 | IceCv    | Reached skill level 4 in Axes
 29496 | IceCv    | Reached skill level 7 in Fighting
 29688 | IceCv    | Received a gift from Sif Muna
 29690 | IceCv    | Got Sif Muna's Grimoire of Calescent Attendants {god gift}
 29838 | IceCv    | Identified the +1 steam dragon scales of Gravity {rPois
                  | rCorr Dex-3}
 29841 | IceCv    | Identified the ring of Temptation {Fire rN+ Dex+8}
 29854 | IceCv    | Lost mutation: You do not regenerate when monsters are
                  | visible. [potion of mutation]
 29854 | IceCv    | Lost mutation: You are frail. (-10% HP) [potion of
                  | mutation]
 29854 | IceCv    | Gained mutation: You are vulnerable to cold. (rC-) [potion
                  | of mutation]
 29854 | IceCv    | Gained mutation: You have hidden genetic potential. [potion
                  | of mutation]
 29925 | D:12     | Noticed Nessos
 29929 | D:12     | Killed Nessos
 29930 | D:12     | Reached skill level 5 in Axes
 30011 | D:12     | Got Kiylo's Omnibus of the Tundra
 30021 | D:12     | Got the Lectures on Degeneration
 30129 | D:12     | Found Losergh's Armour Shoppe.
 30137 | D:12     | Bought a +0 hat of willpower for 132 gold pieces
 30822 | D:13     | Reached skill level 8 in Ice Magic
 31554 | D:13     | Reached skill level 9 in Ice Magic
 31955 | D:13     | Found a gate to the Vaults.
 32287 | D:14     | Reached skill level 10 in Ice Magic
 32315 | D:14     | Received a gift from Sif Muna
 32322 | D:14     | Got Sif Muna's Compilation of the Overcast Swarm {god gift}
 32413 | D:14     | Found a basalt altar of Yredelemnul.
 33662 | D:15     | Entered Level 15 of the Dungeon
 33685 | D:15     | Reached XP level 16. HP: 109/115 MP: 18/27
 33693 | D:15     | Learned a level 7 spell: Ozocubu's Refrigeration
 33914 | D:15     | Found a shimmering altar of Xom.
 33914 | D:15     | Found a shimmering altar of Xom.
 33914 | D:15     | Found a shimmering altar of Xom.
 33915 | D:15     | Found a shimmering altar of Xom.
 33916 | D:15     | Found a shimmering altar of Xom.
 33916 | D:15     | Found a shimmering altar of Xom.
 33916 | D:15     | Found a shimmering altar of Xom.
 33925 | D:15     | Reached skill level 8 in Spellcasting
 34109 | D:15     | Found a staircase to the Depths.
 34684 | D:15     | Reached skill level 9 in Spellcasting
 34739 | D:15     | You are cast into the Abyss!
 34739 | Abyss:3  | Cast into level 3 of the Abyss (an occultist)
 34793 | Abyss:3  | Found a corrupted altar of Lugonu.
 34812 | D:15     | You pass through the gate.
 34812 | D:15     | Escaped the Abyss
 34902 | D:15     | Gained mutation: Your muscles are strong. (Str +4, Int/Dex
                  | -1) [hidden potential]
 35331 | Spider:1 | Entered Level 1 of the Spider Nest
 35737 | Spider:1 | Identified the serpent talisman of the Slightly Bent
                  | {Int+3}
 35737 | Spider:1 | Noticed Aizul
 35752 | Spider:1 | Killed Aizul
 35891 | Spider:1 | Reached skill level 10 in Spellcasting
 35893 | Spider:1 | Reached skill level 1 in Shields
 35985 | Spider:1 | Received a gift from Sif Muna
 35994 | Spider:1 | Reached skill level 2 in Shields
 36109 | Spider:1 | Reached skill level 3 in Shields
 36454 | Elf:1    | Entered Level 1 of the Elven Halls
 36471 | Elf:1    | Reached skill level 4 in Shields
 36850 | Elf:1    | Reached skill level 5 in Shields
 36896 | Elf:1    | Reached skill level 11 in Ice Magic
 37402 | Elf:1    | Reached skill level 12 in Ice Magic
 37866 | Elf:1    | Paralysed by an air elemental for 1 turns
 38286 | Elf:1    | Learned a level 4 spell: Iskenderun's Mystic Blast
 38353 | Elf:2    | Paralysed by an air elemental for 1 turns
 38588 | Elf:2    | Identified the +2 leather armour of Eternal Night {Rampage
                  | rCorr Dex-3}
 38598 | Elf:2    | Received a gift from Sif Muna
 38599 | Elf:2    | Reached XP level 17. HP: 103/120 MP: 31/31
 38608 | Elf:2    | Reached skill level 13 in Ice Magic
 39319 | Elf:2    | Found a runed translucent gate.
 39319 | Elf:2    | Found a runed translucent gate.
 39320 | Elf:2    | Found a runed translucent gate.
 39415 | Elf:2    | Reached skill level 14 in Ice Magic
 39807 | Elf:3    | Entered Level 3 of the Elven Halls
 39863 | Elf:2    | Gained mutation: Your muscles are very strong. (Str +8,
                  | Int/Dex -2) [hidden potential]
 39863 | Elf:2    | Lost mutation: You have hidden genetic potential. [hidden
                  | potential expressed]
 39887 | Elf:3    | Found Eziprop's Magic Scroll Shoppe.
 39891 | Elf:3    | Bought a scroll of revelation for 90 gold pieces
 39891 | Elf:3    | Bought a scroll of summoning for 114 gold pieces
 40084 | Elf:3    | Received a gift from Sif Muna
 40085 | Elf:3    | Got Sif Muna's Atlas of Pneumatic Ice {god gift}
 40161 | Elf:3    | Found Luapt's Jewellery Shop.
 40524 | Elf:3    | Found Moballa's Book Boutique.
 41175 | Elf:3    | Noticed a deep elf blademaster
 41424 | Elf:2    | Killed a deep elf blademaster
 41425 | Elf:2    | Reached skill level 11 in Spellcasting
 41513 | Elf:2    | Learned a level 5 spell: Freezing Cloud
 41585 | Elf:3    | Noticed a Tzitzimitl
 41957 | Elf:3    | HP: 1/114 [+4 heavy broad axe (28)]
 41963 | Elf:3    | Killed from afar by a deep elf death mage

Vanquished Creatures
  A deep elf blademaster (Elf:2)
  Aizul (Spider:1)
  7 deep elf sorcerers
  A deep elf elementalist (Elf:3)
  An orc warlord (Orc:2)
  A deep elf death mage (Elf:3)
  A deep elf demonologist (Elf:3)
  A stone giant (D:15)
  A deep elf annihilator (Elf:3)
  Nessos (D:12)
  A minotaur (Gauntlet)
  Azrael (Orc:1)
  Josephine (Lair:4)
  A deep elf high priest (Elf:1)
  An entropy weaver (Spider:1)
  4 vault guards (D:13)
  6 hydras
  3 centaur warriors
  Harold (Orc:1)
  2 catoblepae
  11 dancing weapons
  A death knight (D:12)
  2 boulder beetles
  An occultist (D:15)
  3 thrashing horrors (Lair:5)
  4 orc high priests (Orc:2)
  11 deep elf knights
  A skeletal warrior (D:12)
  Sonja (Orc:1)
  3 pharaoh ants (Spider:1)
  A skyshark (Lair:2)
  14 deep elf archers
  A harpy (shapeshifter) (Lair:5)
  7 orc knights
  24 deep elf pyromancers
  18 deep elf zephyrmancers
  5 orc sorcerers
  A manticore (D:12)
  5 wolf spiders
  20 ugly things
  An oklob plant (Lair:1)
  A wolf spider zombie (D:14)
  Maurice (D:9)
  A moth of wrath (Gauntlet)
  4 cyclopes
  11 centaur zombies (D:14)
  5 elephants (Lair:4)
  2 gargoyles
  3 ice statues (IceCv)
  2 torpor snails
  8 cane toads
  3 smoke demons
  3 black mambas
  A rime drake (Lair:4)
  An unseen horror (D:10)
  A yaktaur (D:13)
  A large abomination (Lair:5)
  An efreet (D:15)
  A rime drake (shapeshifter) (Elf:2)
  4 tengu conjurers
  A freezing wraith (D:12)
  18 komodo dragons
  Psyche (D:7)
  A kobold demonologist (D:11)
  A harpy zombie (D:14)
  A queen bee (shapeshifter) (Lair:5)
  7 trolls
  2 polar bears
  2 raiju (Lair:5)
  3 tarantellas (Spider:1)
  A blink frog (shapeshifter) (Elf:1)
  6 dream sheep (Lair:5)
  20 blink frogs
  2 air elementals (Elf:1)
  2 jumping spiders
  6 slime creatures
  A spriggan (Lair:5)
  5 wraiths
  4 culicivoras
  4 wyverns
  4 water elementals
  A ynoxinul (Lair:5)
  6 fire elementals
  A human (D:13)
  48 yaks
  A vampire (D:12)
  5 steam dragons
  15 redbacks
  13 basilisks
  11 vampire mosquitoes
  2 death yak simulacra (IceCv)
  3 wargs
  5 chaos spawn
  6 two-headed ogre zombies (D:9)
  An acid dragon (D:13)
  13 water moccasins
  Duvessa (D:7)
  5 hell hounds (Orc:1)
  A water moccasin (shapeshifter) (Elf:2)
  2 hydra simulacra (IceCv)
  A swamp drake (Lair:3)
  40 orc warriors
  A sky beast (D:7)
  2 black bears (Lair:2)
  An ogre (shapeshifter) (D:14)
  5 ogres
  11 wolves
  9 centaurs
  3 kobold brigands
  15 bullfrogs
  3 earth elementals
  A gnoll sergeant (D:10)
  2 scorpions
  13 small abominations (Lair:5)
  A cane toad simulacrum (IceCv)
  3 wights (D:8)
  Dowan (D:7)
  12 killer bees
  2 elephant simulacra (IceCv)
  3 howler monkeys
  4 electric eels
  3 hounds
  30 orc priests
  A gnoll bouda (D:6)
  6 jellies
  Jessica (D:3)
  2 iguanas
  A boggart zombie (D:14)
  25 orc wizards
  A polar bear simulacrum (IceCv)
  11 gnolls
  6 adders
  A shadow imp (D:6)
  3 white imps
  2 ribbon worms
  6 dart slugs
  95 orcs
  6 endoplasms
  2 goblins (D:1)
  5 hobgoblins
  7 jackals
  4 quokkas
  4 ball pythons
  5 bats
  6 frilled lizards
  17 kobolds
  6 rats
847 creatures vanquished.

Vanquished Creatures (collateral kills)
  A two-headed ogre (D:9)
  Joseph (D:9)
  A rime drake (Lair:5)
  A troll (D:9)
  2 yaks (Lair:2)
  An orc warrior (D:6)
  A sky beast (D:6)
  An ogre (D:6)
  3 kobold brigands (Bailey)
  2 killer bees (D:9)
  A howler monkey (D:5)
  2 jellies (D:6)
  3 orc priests
  An iguana (D:7)
  7 gnolls
  An adder (D:5)
  A shadow imp (D:6)
  16 orcs
  A giant cockroach (D:4)
  A quokka (D:4)
  5 kobolds
53 creatures vanquished.

Vanquished Creatures (others)
  An ugly thing (D:15)
  A warg (Orc:2)
  4 spectral weapons
6 creatures vanquished.

Grand Total: 906 creatures vanquished

Table legend: (Time is in decaauts)
 A = Elapsed time spent in this place.
 B = Non-inter-level travel time spent in this place.
 C = Inter-level travel time spent in this place.
 D = Time resting spent in this place.
 E = Time spent auto-exploring this place.
 F = Levels seen in this place.
 G = Mean time per level.
                   A        B        C        D        E       F      G
               +--------+--------+--------+--------+--------+-----+--------+
         Total |  41682 |  39413 |   2269 |   7587 |  24976 |  31 | 1344.6 |
       Dungeon |  18891 |  17375 |   1516 |   1374 |  13035 |  15 | 1259.4 |
        Temple |     10 |     10 |      0 |      0 |      0 |   1 |   10.0 |
          Lair |  10299 |   9845 |    454 |   2198 |   6237 |   5 | 2059.8 |
   Spider Nest |    653 |    597 |     56 |     81 |    240 |   1 |  653.0 |
  Orcish Mines |   4817 |   4691 |    126 |   2223 |   1660 |   2 | 2408.5 |
   Elven Halls |   5513 |   5399 |    114 |   1068 |   3455 |   3 | 1837.7 |
         Abyss |     72 |     72 |      0 |      0 |     30 |   1 |   72.0 |
        Bailey |    297 |    297 |      0 |     57 |    128 |   1 |  297.0 |
      Ice Cave |    559 |    559 |      0 |    400 |      9 |   1 |  559.0 |
      Gauntlet |    567 |    567 |      0 |    185 |    179 |   1 |  567.0 |
               +--------+--------+--------+--------+--------+-----+--------+

Top non-repeatable levels by time:
  Lair:5: 2555 daAuts
   Orc:2: 2500 daAuts
   Orc:1: 2317 daAuts
  Lair:2: 2293 daAuts
  Lair:4: 2279 daAuts
     D:8: 2107 daAuts
  Lair:1: 1939 daAuts
   Elf:1: 1936 daAuts
     D:9: 1922 daAuts
   Elf:3: 1857 daAuts
   Elf:2: 1720 daAuts
    D:11: 1596 daAuts
    D:13: 1579 daAuts
    D:14: 1459 daAuts
     D:2: 1326 daAuts

Table legend:
 A = Non-vault XP
 B = Vault XP
 C = Vault XP percentage of total XP
 D = Non-vault monster count
 E = Vault monster count
 F = Vault count percentage of total count
                 A         B        C        D         E       F
            +---------+---------+-------+---------+---------+-------
      Total |  135103 |   87901 |  39.4 |     601 |     300 |  33.3
            +---------+---------+-------+---------+---------+-------
        D:1 |      43 |       0 |   0.0 |      26 |       0 |   0.0
        D:2 |      40 |       0 |   0.0 |      17 |       0 |   0.0
        D:3 |     228 |      37 |  14.0 |      33 |       1 |   2.9
        D:4 |     293 |       0 |   0.0 |      23 |       0 |   0.0
        D:5 |     403 |       0 |   0.0 |      14 |       0 |   0.0
        D:6 |     798 |     328 |  29.1 |      28 |       4 |  12.5
        D:7 |    1529 |     558 |  26.7 |      34 |       3 |   8.1
        D:8 |    1582 |     289 |  15.4 |      33 |       5 |  13.2
        D:9 |    2195 |    3416 |  60.9 |      17 |      15 |  46.9
       D:10 |    2094 |       0 |   0.0 |      15 |       0 |   0.0
       D:11 |    2667 |     702 |  20.8 |       8 |      18 |  69.2
       D:12 |    3551 |    4447 |  55.6 |      10 |       7 |  41.2
       D:13 |    6301 |    7093 |  53.0 |      21 |      13 |  38.2
       D:14 |    3960 |    6062 |  60.5 |      10 |      14 |  58.3
       D:15 |   13709 |    1036 |   7.0 |      32 |       1 |   3.0
     Lair:1 |    8092 |    2241 |  21.7 |      34 |       3 |   8.1
     Lair:2 |    5562 |    3936 |  41.4 |      24 |      17 |  41.5
     Lair:3 |    2815 |     659 |  19.0 |      11 |       4 |  26.7
     Lair:4 |    5669 |    3143 |  35.7 |      18 |      11 |  37.9
     Lair:5 |    8234 |   12312 |  59.9 |      29 |      44 |  60.3
   Spider:1 |    7802 |    1336 |  14.6 |      24 |       1 |   4.0
      Orc:1 |    4069 |    5073 |  55.5 |      38 |      13 |  25.5
      Orc:2 |    1341 |    9499 |  87.6 |      17 |      61 |  78.2
      Elf:1 |   16829 |    7058 |  29.5 |      29 |      11 |  27.5
      Elf:2 |   17354 |    2449 |  12.4 |      30 |       2 |   6.2
      Elf:3 |   17077 |    8103 |  32.2 |      23 |      11 |  32.4
    Abyss:3 |     417 |       0 |   0.0 |       1 |       0 |   0.0
     Bailey |       0 |     614 | 100.0 |       0 |      11 | 100.0
      IceCv |       0 |    3299 | 100.0 |       0 |      13 | 100.0
   Gauntlet |     449 |    4211 |  90.4 |       2 |      17 |  89.5
            +---------+---------+-------+---------+---------+-------
